 Dungeon Crawl Stone Soup version 0.29.1-1-gd02db6906a (webtiles) character file.

Game seed: 11219238945953251179

121 warriortoast the Conjurer (level 4, -2/21 (24) HPs)
             Began as a Deep Elf Conjurer on Sept 22, 2022.
             Slain by a gnoll
             ... wielding a +0 flail of draining
              (6 damage)
             ... on level 3 of the Dungeon.
             The game lasted 00:04:20 (2716 turns).

warriortoast the Conjurer (Deep Elf Conjurer)       Turns: 2716, Time: 00:04:21

HP:   -2/21 (24)    AC:  4    Str:  4    XL:     4   Next: 77%
MP:   11/13         EV: 12    Int: 25    God:
Gold: 60            SH:  0    Dex: 13    Spells: 12/13 levels left

rFire   . . .      SeeInvis .   j - +0 short sword (venom)
rCold   . . .      Faith    .   (no shield)
rNeg    . . .      Spirit   .   a - +0 robe
rPois   .          Reflect  .   (no helmet)
rElec   .          Harm     .   n - +0 cloak
rCorr   .          Rampage  .   f - +0 pair of gloves
Will    .....                   (no boots)
Stlth   ++........              (no amulet)
HPRegen 0.07/turn               (no ring)
MPRegen 0.13/turn               (no ring)

@: heavily drained
A: no striking features
a: no special abilities


You were on level 3 of the Dungeon.
You visited 1 branch of the dungeon, and saw 3 of its levels.

You collected 60 gold pieces.

Inventory:

Hand Weapons
 j - a +0 short sword of venom (weapon)
Armour
 a - a +0 robe (worn)
 f - a +0 pair of gloves (worn)
 n - a +0 cloak (worn)
Jewellery
 g - a ring of see invisible
Scrolls
 c - 2 scrolls of identify {unknown}
 d - 2 scrolls of teleportation {unknown}
 e - a scroll of fear {unknown}
 m - a scroll of magic mapping {unknown}
Potions
 b - a potion of magic
 h - a potion of curing {unknown}
 i - a potion of lignification {unknown}
 k - a potion of mutation {unknown}
 l - a potion of flight {unknown}


   Skills:
 - Level 2.4 Dodging
 - Level 2.4 Stealth
 + Level 5.2 Spellcasting
 + Level 5.7 Conjurations


You had 12 spell levels left.
You knew the following spells:

 Your Spells              Type           Power      Damage    Failure   Level
a - Magic Dart            Conj           100%       1d8       1%          1

Your spell library contained the following spells:

 Spells                   Type           Power      Damage    Failure   Level
 Searing Ray              Conj           70%        2d7       1%          2
 Dazzling Flash           Conj/Hex       40%        N/A       8%          3
 Poisonous Vapours        Pois/Air       12%        N/A       12%         2
 Fulminant Prism          Conj/Hex       10%        3d9       24%         4
 Iskenderun's Mystic Bla  Conj/Tloc      20%        2d6       24%         4
 Corpse Rot               Necr/Pois/Air  6%         N/A       63%         4


Dungeon Overview and Level Annotations

Branches:
Dungeon (3/15)

Altars:

Shops:
D:2 :


Message History

You see here a +0 club.
A rat comes into view.
The magic dart hits the rat.
You kill the rat!
Found a cloak.
You see here a +0 cloak.
n - a +0 cloak You start putting on your armour.
You continue putting on your +0 cloak. x4
You finish putting on your +0 cloak.
c - 2 scrolls labelled ZEPUTO ADUOG (gained 1)
A gnoll comes into view. It is wielding a +0 flail of draining.
The magic dart hits the gnoll.
The gnoll is heavily wounded.
The gnoll shouts!
The magic dart hits the gnoll.
The gnoll is severely wounded.
A gnoll comes into view. It is wielding a +0 spear. x2
The magic dart hits the gnoll.
The gnoll is almost dead.
The gnoll shouts! x2
The magic dart hits the gnoll but does no damage.
The gnoll is almost dead.
The gnoll hits you with a +0 flail of draining.
You feel drained. The gnoll attacks as you move away!
The gnoll closely misses you. The gnoll attacks as you move away!
The gnoll hits you with a +0 flail of draining!
You feel drained. The gnoll attacks as you move away!
The gnoll barely misses you. The gnoll attacks as you move away!
The gnoll barely misses you. The gnoll attacks as you move away!
The gnoll closely misses you. The gnoll attacks as you move away!
The gnoll barely misses you. The gnoll attacks as you move away!
The gnoll hits you with a +0 flail of draining!
* * * LOW HITPOINT WARNING * * *
You feel drained.
* * * LOW HITPOINT WARNING * * *
The gnoll attacks as you move away!
The gnoll hits you with a +0 flail of draining.
You die...

#.######## ###
♣♣♣.♣ ♣♣...♣
♣♣..♣♣♣ ♣♣♣♣♣♣♣♣♣♣♣
♣..♣♣ ♣♣..g..g♣♣.♣♣
♣♣.♣
♣...♣♣♣...♣.♣♣♣♣♣♣♣
♣♣.♣♣ ♣♣♣...♣
♣♣♣♣♣♣.g.g..♣ ♣.♣♣
♣...g♣♣ ♣♣♣♣♣♣♣.♣
♣..♣ ♣♣♣♣.@♣♣ .
.†♣♣ ♣♣..♣ ♣♣♣
♣♣♣..♣♣ .♣
♣♣♣♣....♣ ♣♣
♣♣♣.....♣♣♣ ♣
♣♣....♣♣♣♣ ♣
♣♣♣♣...♣♣♣
♣♣♣♣....♣♣♣
.....♣♣♣♣


You could see a gnoll.

Vanquished Creatures
  A hound (D:3)
  Robin (D:2)
  An adder (D:2)
  3 worms (D:2)
  6 ball pythons
  A bat (D:2)
  4 endoplasms
  A giant cockroach (D:1)
  12 goblins
  9 hobgoblins
  4 jackals (D:2)
  7 kobolds
  3 quokkas (D:1)
  3 frilled lizards (D:2)
  5 rats
61 creatures vanquished.

Notes
Turn   | Place    | Note
-------+----------+-------------------------------------------
     0 | D:1      | warriortoast the Deep Elf Conjurer began the quest for the
                  | Orb.
     0 | D:1      | Reached XP level 1. HP: 10/10 MP: 6/6
   308 | D:1      | Reached XP level 2. HP: 15/15 MP: 5/8
   981 | D:2      | Reached skill level 5 in Conjurations
  1097 | D:2      | Found Zammel's Book Emporium.
  1100 | D:2      | Reached XP level 3. HP: 19/19 MP: 8/10
  1684 | D:2      | Noticed Robin
  1846 | D:2      | Reached XP level 4. HP: 24/24 MP: 7/12
  1848 | D:2      | Killed Robin
  2103 | D:2      | Found a faded altar of an unknown god.
  2489 | D:3      | Reached skill level 5 in Spellcasting
  2536 | D:3      | Noticed a centaur
  2716 | D:3      | Slain by a gnoll

Illustrated notes

Levels and vault maps discovered:
D:1:      wheals_arrival_shading, layout_loops_ring, minmay_pentomino_o4
D:2:      minmay_skewed_foursquare, layout_basic,
          shapermc_ecumenical_altar_ellora, serial_shops, shop_fountains,
          uniq_robin
D:3:      kb_forest_paths, layout_loops_cross, nzn_wu_jian_contemplation,
          mainiacjoe_overflow_six_doors_small, elyvilon_altar_5,
          kennysheep_generic_room_9, uniq_sigmund, uniq_jessica

Skill      XL: |  1  2  3  4 |
---------------+-------------+-----
Spellcasting   | 4 5 |  5.2
Conjurations   | 5 |  5.7
Dodging        | |  2.4
Stealth        | |  2.4

Action                   |  1- 3 |  4- 6 || total
-------------------------+-------+-------++-------
 Cast: Magic Dart        |    93 |    34 ||   127
Dodge: Dodged            |     6 |     8 ||    14
